 Dungeon Sprint DCSS version 0.31-a0-240-gb923e448b6 (webtiles) character file.

Game seed: 17307041108891565121

2831 Conn the Arsonist (level 9, -1/55 HPs)
             Began as an Octopode Fire Elementalist on July 12, 2023.
             Was a Priest of Sif Muna.
             Engulfed by a cloud of steam (11 damage)
             ... in the Dungeon (Sprint II: "The Violet Keep of Menkaure").
             The game lasted 00:16:08 (983 turns).

Conn the Arsonist (Octopode Fire Elementalist)       Turns: 983, Time: 00:16:09

Health: -1/55      AC:  1    Str:  7    XL:     9   Next: 73%
Magic:  0/24       EV: 15    Int: 22    God:    Sif Muna [***...]
Gold:   852        SH:  0    Dex: 12    Spells: 18/31 levels left

rFire   . . .        (no weapon)
rCold   . . .        (no shield)
rNeg    . . .        (helmet restricted)
rPois   .            (no amulet)
rElec   .            (no ring)
rCorr   .            (no ring)
SInv    .            (no ring)
Will    .....        (no ring)
Stlth   ++++++       (no ring)
HPRegen 0.29/turn    (no ring)
MPRegen 0.19/turn    (no ring)
                     (no ring)

%: no teleportation
@: no status effects
A: almost no armour, amphibious, 8 rings, camouflage 1, gelatinous body 1,
nimble swimmer 1, tentacles
a: Renounce Religion, Channel Magic, Forget Spell


You were in the Dungeon.
You worshipped Sif Muna.
Sif Muna was most pleased with you.
You visited 1 branch You collected 852 gold pieces.

Inventory:

Scrolls
 g - a scroll of brand weapon
 h - 2 scrolls of revelation
 j - a scroll of fear
 l - 2 scrolls of immolation
 n - a scroll of fog {unknown}
 o - 2 scrolls of torment {unknown}
 p - a scroll of enchant weapon {unknown}
 r - a scroll of vulnerability {unknown}
Potions
 a - 4 potions of magic
 b - 2 potions of curing
 c - 2 potions of enlightenment
 i - a potion of haste
 k - 4 potions of heal wounds
 m - a potion of lignification {unknown}
 q - a potion of might
 s - 2 potions of resistance


   Skills:
 + Level 2.6 Fighting
 + Level 7.1 Dodging
 + Level 8.2 Stealth
 + Level 11.6 Spellcasting
 * Level 4.6 Conjurations
 + Level 3.1 Hexes
 + Level 14.4 Fire Magic
 + Level 1.4 Air Magic
 * Level 3.6 Invocations


You had 18 spell levels left.
You knew the following spells:

 Your Spells              Type           Power      Damage    Failure   Level
a - Foxfire               Conj/Fire      100%       2x1d9     1%          1
b - Scorch                Fire           100%       2d9       1%          2
c - Inner Flame           Hex/Fire       50%        N/A       1%          3
d - Flame Wave            Conj/Fire      53%        2d13      1%          4
e - Swiftness             Air            19%        N/A       9%          3

Your spell library contained the following spells:

 Spells                   Type           Power      Damage    Failure   Level
 Volatile Blastmotes      Fire/Tloc      88%        2d17      1%          3
 Ensorcelled Hibernation  Hex/Ice        38%        N/A       4%          2
 Passwall                 Tmut/Erth      10%        N/A       8%          2


Dungeon Overview and Level Annotations

Branches:
Dungeon (1/1)

Altars:
Cheibriados
Dithmenos
Elyvilon
Fedhas
Gozag
Hepliaklqana
Kikubaaqudgha
Makhleb
Nemelex Xobeh
Okawaru
Qazlal
Ru
Sif Muna
Trog
Uskayaw
Vehumet
Wu Jian
Xom
Yredelemnul
Zin
The Shining One
Jiyva
Lugonu

Shops:
D !*(:[[?(!=

Annotations:
D Kirke, Roxanne


Innate Abilities, Weirdness & Mutations

You cannot wear most types of armour.
You are amphibious.
You can wear up to eight rings at the same time.
Your skin changes colour to match your surroundings (Stealth+).
Your rubbery body absorbs attacks. (AC +1, EV +1)
You are camouflaged when in or above water. (Stealth+)
You have tentacles for arms and can constrict up to eight enemies at once.


Message History

Casting: Scorch (safe; 1% risk of failure)
Confirm with . or Enter, or press ? or * to list all spells.
Flames lash the skeletal warrior.
The skeletal warrior is burned terribly!
The skeletal warrior is severely damaged.
The skeletal warrior is engulfed in a cloud of scalding steam.
Unknown command.
Casting: Scorch (safe; 1% risk of failure)
Confirm with . or Enter, or press ? or * to list all spells.
Flames lash the skeletal warrior but do no damage.
Casting: Scorch (safe; 1% risk of failure)
Confirm with . or Enter, or press ? or * to list all spells.
Flames lash the skeletal warrior but do no damage.
Casting: Scorch (safe; 1% risk of failure)
Confirm with . or Enter, or press ? or * to list all spells.
Flames lash the skeletal warrior but do no damage.
A death drake comes into view.
The skeletal warrior is engulfed in blazing flames.
The skeletal warrior hits you with a +0 short sword!!
Unknown command.
Unknown command.
Unknown command.
Casting: Scorch (safe; 1% risk of failure)
Confirm with . or Enter, or press ? or * to list all spells.
Casting: Flame Wave (dangerous; 1% risk of failure)
Press: ? - help, Dir - look around, f - activate A wave of flame ripples out!
The flame wave engulfs the skeletal warrior!!
The skeletal warrior is burned terribly!
You destroy the skeletal warrior!
Sif Muna accepts your kill. (Press . to intensify the flame waves.)
You feel yourself slow down.
Your Conjurations skill increases to level 4!
Your Hexes skill increases to level 3!
Your Invocations skill increases to level 3!
You are engulfed in a cloud of scalding steam.
* * * LOW HITPOINT WARNING * * *
You are engulfed in a cloud of scalding steam.
You die...

.#Z$+^.#,y#▓.[......▓▓,,,*,*,+~,,
.#$Z#..#,h#▓..).).[(▓▓,⌠,*,*,*~,,
.####..##.#▓(..[)...▓▓,,,*,*,*~,,
..b###.^.##▓▓▓▓▓▓▓'▓▓▓▓+▓*,***~,,
.....b~§§~~~~~~§~~...≈≈≈▓,,,,,,,,
.§...~#'########☼###.≈≈≈▓,,,,,,,*
~~~..~#bb..._..#§§§##≈≈≈▓,,,,,,**
~~~~.~#b..._._.#§§§§####▓****~**
§§~~~~#b.._.kb_#@§§§§#*,,*,,*~*
§§≈§~~#.._._._.#§§§§§§#,,*,,*~*
≈§≈≈≈~#b_._._._#§§§~§≈+,,+,,*~*
§###§§#_._._._.#§§§§§~#,,*,,*~*
≈*,#§§#._._._._#~§§§≈≈▓,,*,,*~*
~*+#≈≈#_._._...#§§≈§▓▓▓******~*
~~~≈§≈##########~≈≈≈*,,,~~~~~~*
***####~~~~~~§~~≈§≈§*,,,~~~~~~*
~~~~###~########≈▓▓▓******~~~~*


You could see a death drake.

Vanquished Creatures
  A yaktaur captain (D)
  A skeletal warrior (D)
  A merfolk siren (D)
  A kobold demonologist (D)
  A polar bear (D)
  2 wyverns (D)
  Menkaure (D)
  4 water moccasins (D)
  4 scorpions (D)
16 creatures vanquished.

Vanquished Creatures (others)
  A water moccasin (D)
  20 foxfires (D)
  4 tentacles (D)
25 creatures vanquished.

Grand Total: 41 creatures vanquished

Notes
Turn   | Place    | Note
-------+----------+-------------------------------------------
     0 | D        | Conn the Octopode Fire Elementalist began the quest for the
                  | Orb.
     0 | D        | Reached XP level 1. HP: 11/11 MP: 3/3
     1 | D        | Noticed a merfolk siren
     4 | D        | Noticed a wyvern
     4 | D        | Noticed a wyvern
     8 | D        | Noticed a scorpion
     8 | D        | Noticed a scorpion
    11 | D        | Noticed a boulder beetle
    11 | D        | Noticed a boulder beetle
    20 | D        | Killed a scorpion
    21 | D        | Reached skill level 6 in Fire Magic
    21 | D        | Reached XP level 2. HP: 17/17 MP: 3/6
    21 | D        | Reached XP level 3. HP: 21/21 MP: 4/8
    21 | D        | Reached XP level 4. HP: 27/27 MP: 4/9
    25 | D        | Killed a scorpion
    26 | D        | Reached skill level 7 in Fire Magic
    26 | D        | Reached XP level 5. HP: 31/31 MP: 4/11
    34 | D        | Learned a level 2 spell: Scorch
    38 | D        | Learned a level 3 spell: Inner Flame
    43 | D        | Learned a level 4 spell: Flame Wave
    51 | D        | Reached skill level 5 in Stealth
    51 | D        | Reached skill level 8 in Fire Magic
    55 | D        | Reached skill level 5 in Spellcasting
    55 | D        | Reached skill level 9 in Fire Magic
    55 | D        | Reached XP level 6. HP: 16/37 MP: 0/13
    67 | D        | Noticed Menkaure
    69 | D        | Noticed a water moccasin
    75 | D        | Killed a water moccasin
    78 | D        | Killed Menkaure
    79 | D        | Reached skill level 5 in Dodging
    87 | D        | Found a blossoming altar of Fedhas.
    87 | D        | Found an opulent altar of Gozag.
    88 | D        | Found a white marble altar of Elyvilon.
    88 | D        | Found a burning altar of Makhleb.
    88 | D        | Found a sparkling altar of Nemelex Xobeh.
    89 | D        | Found a shadowy altar of Dithmenos.
    89 | D        | Found a corrupted altar of Lugonu.
    89 | D        | Found a hide-covered altar of Uskayaw.
    90 | D        | Found a snail-covered altar of Cheibriados.
    90 | D        | Found an ancient bone altar of Kikubaaqudgha.
    90 | D        | Found a bloodstained altar of Trog.
    91 | D        | Found a viscous altar of Jiyva.
    91 | D        | Found a shimmering blue altar of Sif Muna.
    92 | D        | Found a hazy altar of Hepliaklqana.
    92 | D        | Found a sacrificial altar of Ru.
    93 | D        | Found a shimmering altar of Xom.
    94 | D        | Found a stormy altar of Qazlal.
    94 | D        | Found an ornate altar of the Wu Jian Council.
    94 | D        | Found a basalt altar of Yredelemnul.
    94 | D        | Found a glowing golden altar of the Shining One.
    95 | D        | Found a radiant altar of Vehumet.
    95 | D        | Found an iron altar of Okawaru.
    95 | D        | Found a glowing silver altar of Zin.
    98 | D        | Noticed a water moccasin
    98 | D        | Noticed a water moccasin
   101 | D        | Became a worshipper of Sif Muna the Loreminder
   116 | D        | Noticed a kraken
   120 | D        | Killed a water moccasin
   121 | D        | Reached skill level 10 in Fire Magic
   122 | D        | Killed a water moccasin
   123 | D        | Reached skill level 11 in Fire Magic
   123 | D        | Reached XP level 7. HP: 18/42 MP: 6/17
   150 | D        | Found the crystal ball of Wucad Mu {*channel}
   271 | D        | Learned a level 3 spell: Swiftness
   380 | D        | Noticed a yaktaur
   380 | D        | Noticed a hornet
   380 | D        | Noticed a polar bear
   402 | D        | Killed a merfolk siren
   402 | D        | Reached * piety under Sif Muna
   403 | D        | Reached skill level 1 in Fighting
   403 | D        | Reached skill level 12 in Fire Magic
   403 | D        | Reached XP level 8. HP: 49/49 MP: 11/20
   466 | D        | Killed a wyvern
   472 | D        | Killed a wyvern
   641 | D        | Found Anoos's Book Emporium.
   641 | D        | Found Nohiestru's Antique Armour Emporium.
   641 | D        | Found Wiav's Antique Weapon Emporium.
   641 | D        | Found Xoklaffo's Antique Armour Shoppe.
   642 | D        | Found Nosm's Antique Weapon Shoppe.
   642 | D        | Found Vufesolo's Jewellery Emporium.
   642 | D        | Found Kevvol's Magic Scroll Shoppe.
   642 | D        | Found Aranluny's Distillery.
   643 | D        | Found Jawajyet's Assorted Antiques.
   643 | D        | Found Ageuzyof's Distillery.
   650 | D        | Reached ** piety under Sif Muna
   656 | D        | Noticed Roxanne
   661 | D        | Noticed Kirke
   661 | D        | Noticed a yaktaur captain
   661 | D        | Noticed a kobold demonologist
   662 | D        | Noticed an elephant
   663 | D        | Noticed a yak
   663 | D        | Noticed a hellwing
   668 | D        | HP: 1/50 [yaktaur captain/bolt (49)]
   866 | D        | Noticed a centaur warrior
   866 | D        | Noticed a skeletal warrior
   866 | D        | Noticed a hell hog
   866 | D        | Noticed a hell hog
   866 | D        | Noticed an ice dragon
   873 | D        | Killed a kobold demonologist
   874 | D        | Reached skill level 1 in Air Magic
   950 | D        | Killed a yaktaur captain
   951 | D        | Reached skill level 10 in Spellcasting
   951 | D        | Reached skill level 13 in Fire Magic
   951 | D        | Reached XP level 9. HP: 47/55 MP: 8/23
   955 | D        | Noticed a polar bear
   968 | D        | Killed a polar bear
   969 | D        | Reached skill level 1 in Invocations
   975 | D        | Reached *** piety under Sif Muna
   976 | D        | Reached skill level 14 in Fire Magic
   980 | D        | Noticed a death drake
   981 | D        | Killed a skeletal warrior
   983 | D        | Engulfed by a cloud of steam

Illustrated notes

Levels and vault maps discovered:
D:        the_violet_keep_of_menkaure [sprint2_stairs_cluster_1,
          sprint2_shoproom, sprint2_temple, sprint2_basic_supplies,
          sprint2_obstacle_3, sprint2_obstacle_5, sprint2_obstacle_6,
          sprint2_obstacle_2, sprint2_obstacle_7, sprint2_timed_cluster_1,
          sprint2_smallroom_cluster_1, sprint2_smallroom_final_cluster_1,
          sprint2_transparent_cluster_1, sprint2_second_timed_cluster_1,
          sprint2_sniper_area_1, sprint2_heavy_combat_area_1,
          sprint2_mutation_trap_area_1, sprint2_forest_area_1,
          sprint2_light_combat_area_1, sprint2_behind_water_1,
          sprint2_near_end_vault_1]

Skill      XL: |  1  2  3  4  5  6  7  8  9 |
---------------+----------------------------+-----
Dodging        | 3 4 5 6 7 |  7.1
Stealth        | 4 5 6 7 8 |  8.2
Spellcasting   | 3 4 5 6 8 10 11 | 11.6
Fire Magic     | 6 7 9 11 12 13 14 | 14.4
Conjurations   | 2 3 4 |  4.6
Fighting       | 1 2 |  2.6
Air Magic      | 1 |  1.4
Hexes          | 2 3 |  3.1
Invocations    | 3 |  3.6

Action                     |  1- 3 |  4- 6 |  7- 9 || total
---------------------------+-------+-------+-------++-------
  Melee: Unarmed           |     4 |    10 |     1 ||    15
         Constrict         |     1 |     3 |     1 ||     5
         Tentacles         |     1 |     2 |     1 ||     4
   Cast: Scorch            |       |     7 |    22 ||    29
         Flame Wave        |       |     1 |     1 ||     2
         Foxfire           |       |     2 |    14 ||    16
         Inner Flame       |       |       |     9 ||     9
         Swiftness         |       |       |     1 ||     1
    Use: Potion            |     2 |     2 |     6 ||    10
         Scroll            |       |       |     7 ||     7
 Armour: Skin              |       |     1 |       ||     1
  Dodge: Dodged            |     3 |     8 |     4 ||    15

Table legend: (Time is in decaauts)
 A = Elapsed time spent in this place.
 B = Non-inter-level travel time spent in this place.
 C = Inter-level travel time spent in this place.
 D = Time resting spent in this place.
 E = Time spent auto-exploring this place.
 F = Levels seen in this place.
 G = Mean time per level.
                   A        B        C        D        E       F      G
               +--------+--------+--------+--------+--------+-----+--------+
         Total |    947 |    947 |      0 |    494 |      0 |   1 |  947.0 |
       Dungeon |    947 |    947 |      0 |    494 |      0 |   1 |  947.0 |
               +--------+--------+--------+--------+--------+-----+--------+

Top non-repeatable levels by time:
       D: 947 daAuts
